[Event "Titled Tuesday Blitz July 11 Early 2023"]
[White "Erigaisi Arjun"]
[Black "Turski, Bartlomiej"]
[WhiteFideId "35009192"]
[BlackFideId "21810567"]
[WhiteElo "3117"]
[BlackElo "2883"]
[Result "1-0"]
[Round "5"]
[TimeControl "180+2"]
[Date "2023.07.11"]
[WhiteClock "0:00:53"]
[BlackClock "0:00:47"]
[Board "2"]

1. c4 Nf6 2. Nc3 g6 3. g3 Bg7 4. Bg2 O-O 5. e4 d6 6. Nge2 c5 7. O-O Nc6 8. d3 e5 9. h3 Be6 10. f4 exf4 11. gxf4 Qd7 12. Kh2 Nh5 13. Bf3 f5 14. Bxh5 gxh5 15. Rg1 Kh8 16. Be3 Rae8 17. Qf1 Nd4 18. Rd1 Nxe2 19. Qxe2 fxe4 20. dxe4 Bxc3 21. bxc3 Bxh3 22. Qxh5 Rxe4 23. Bxc5 Bf5 24. Rxd6 Qc7 25. Bd4+ Rxd4 26. Rxd4 b5 27. cxb5 Qxc3 28. Qxf5 Qb2+ 29. Kh1 Qa3 30. Qe5+ 1-0


[Site "https://www.chess.com"]

[Event "Titled Tuesday Blitz July 11 Early 2023"]
[White "Galchenko, Matvey"]
[Black "Firouzja, Alireza"]
[WhiteFideId "24175480"]
[BlackFideId "12573981"]
[WhiteElo "2873"]
[BlackElo "3093"]
[Result "0-1"]
[Round "5"]
[TimeControl "180+2"]
[Date "2023.07.11"]
[WhiteClock "0:00:02"]
[BlackClock "0:01:07"]
[Board "3"]

1. d4 Nf6 2. c4 g6 3. Nc3 Bg7 4. e4 d6 5. Nf3 O-O 6. Be2 Na6 7. Bg5 h6 8. Bh4 Nh5 9. O-O g5 10. Bg3 c5 11. d5 Nxg3 12. hxg3 e6 13. Nd2 exd5 14. cxd5 Nc7 15. a4 f5 16. exf5 Bxf5 17. Nc4 Qf6 18. Bg4 Bxg4 19. Qxg4 Qd4 20. Qxd4 cxd4 21. Ne4 Nxd5 22. Rad1 Rac8 23. Nexd6 Rc6 24. b3 Nc3 25. Rd2 b6 26. Re1 a6 27. Ne8 Bh8 28. g4 b5 29. axb5 Nxb5 30. Re7 Rf7 31. Re1 Kf8 32. Rde2 d3 33. Re3 Bc3 34. Rd1 Re7 35. Rxe7 Kxe7 36. Rxd3 Kxe8 37. f3 Ke7 38. Kf2 Bd4+ 39. Ke2 Re6+ 40. Kd2 Bc5 41. Rd5 Bb4+ 42. Kd3 Nd6 43. Ne3 Nf7 44. Nc2 Rb6 45. Nd4 Bd6 46. Kc2 Be5 47. Nf5+ Ke6 48. Ra5 h5 49. Ne3 Rc6+ 50. Kd2 Bc3+ 0-1


[Site "https://www.chess.com"]

[Event "Titled Tuesday Blitz July 11 Early 2023"]
[White "Dubov, Daniil"]
[Black "Sattarov, Bobir"]
[WhiteFideId "24126055"]
[BlackFideId "14203081"]
[WhiteElo "3084"]
[BlackElo "2845"]
[Result "1-0"]
[Round "5"]
[TimeControl "180+2"]
[Date "2023.07.11"]
[WhiteClock "0:00:06"]
[BlackClock "0:00:04"]
[Board "4"]

1. e4 e5 2. Nf3 Nc6 3. Nc3 Nf6 4. Bc4 Bc5 5. d3 a6 6. Bg5 h6 7. Bxf6 Qxf6 8. Nd5 Qd8 9. c3 d6 10. d4 Ba7 11. dxe5 Nxe5 12. Nxe5 dxe5 13. Qh5 O-O 14. Qxe5 Re8 15. Qf4 Qd6 16. O-O-O Qxf4+ 17. Nxf4 Bxf2 18. Nd5 Rxe4 19. Nxc7 Rxc4 20. Rd8+ Kh7 21. Nxa8 Be3+ 22. Kb1 Bf5+ 23. Ka1 Rf4 24. Re8 Ba7 25. Re2 Bd3 26. Rd2 Be4 27. Re1 Bf2 28. Rf1 Be3 29. Rxf4 Bxf4 30. Rd4 f5 31. g3 Be3 32. Rd1 g5 33. Nc7 f4 34. Nd5 Bxd5 35. Rxd5 Kg6 36. g4 f3 37. Kb1 f2 38. Rd6+ Kf7 39. Rd1 Ke6 40. Kc2 Ke5 41. Kd3 Kf4 42. Ke2 Ba7 43. Rd7 Kxg4 44. Rxb7 Bc5 45. b4 Be3 46. Re7 Bd2 47. Kxf2 Bxc3 48. a3 Bb2 49. a4 h5 50. Kg2 h4 51. h3+ Kf5 52. Ra7 Bc3 53. Rxa6 Bxb4 54. Rb6 Bd2 55. a5 Be3 56. Rb7 Ke6 57. a6 Kd6 58. a7 Bxa7 59. Rxa7 g4 60. hxg4 1-0


[Site "https://www.chess.com"]

[Event "Titled Tuesday Blitz July 11 Early 2023"]
[White "Vakhlamov, Igor L."]
[Black "Bluebaum, Matthias"]
[WhiteFideId "24126748"]
[BlackFideId "24651516"]
[WhiteElo "2807"]
[BlackElo "3059"]
[Result "1-0"]
[Round "5"]
[TimeControl "180+2"]
[Date "2023.07.11"]
[WhiteClock "0:00:03"]
[BlackClock "0:01:32"]
[Board "5"]

1. e4 e6 2. d4 d5 3. Nc3 Nf6 4. Bd3 c5 5. exd5 cxd4 6. Bb5+ Bd7 7. Bxd7+ Qxd7 8. Qxd4 Nc6 9. Qd1 exd5 10. Nf3 Bb4 11. O-O O-O 12. Ne2 h6 13. c3 Bc5 14. Ned4 Rfe8 15. Be3 Bb6 16. Re1 Re4 17. h3 Rae8 18. Qd2 Bc7 19. Rad1 a6 20. Nb3 R4e7 21. Bc5 Ne4 22. Qxd5 Nxc5 23. Rxe7 Qxe7 24. Qxc5 Qe2 25. Rb1 Qc2 26. Nbd2 Bf4 27. Qd5 Bxd2 28. Qxd2 Rd8 29. Qxc2 Nd4 30. cxd4 Rc8 31. Qxc8+ Kh7 32. Qxb7 Kg6 33. Qxa6+ Kh5 34. Qd3 g5 35. Ne5 f5 36. Qf3+ Kh4 37. g3+ Kxh3 38. Qh1# 1-0


[Site "https://www.chess.com"]

[Event "Titled Tuesday Blitz July 11 Early 2023"]
[White "Narayanan.S.L"]
[Black "Bazeev, German"]
[WhiteFideId "5058422"]
[BlackFideId "24119350"]
[WhiteElo "3041"]
[BlackElo "2797"]
[Result "1/2-1/2"]
[Round "5"]
[TimeControl "180+2"]
[Date "2023.07.11"]
[WhiteClock "0:01:52"]
[BlackClock "0:01:17"]
[Board "6"]

1. Nf3 Nf6 2. b3 d5 3. Bb2 c6 4. c4 Bg4 5. Ne5 Be6 6. e3 Nbd7 7. Nxd7 Qxd7 8. Be2 g6 9. O-O Bg7 10. d4 O-O 11. Nd2 Bf5 12. Rc1 h5 13. Nf3 Ne4 14. Ne5 Bxe5 15. dxe5 dxc4 16. Qxd7 Bxd7 17. bxc4 Be6 18. f3 Nc5 19. Rfd1 Rfd8 20. Kf2 b6 21. e4 Na4 22. Ba1 Kf8 23. Ke3 Ke8 24. h3 Rxd1 25. Rxd1 Rd8 26. Rxd8+ Kxd8 27. f4 Bd7 28. g4 hxg4 29. hxg4 c5 30. e6 Bxe6 31. f5 gxf5 32. exf5 Bd7 33. Kf4 f6 34. Bd1 a6 35. g5 fxg5+ 36. Kxg5 b5 37. cxb5 axb5 38. f6 exf6+ 39. Bxf6+ Kc7 40. Bxa4 bxa4 41. a3 1/2-1/2


[Site "https://www.chess.com"]

[Event "Titled Tuesday Blitz July 11 Early 2023"]
[White "Kollars, Dmitrij"]
[Black "Bachmann, Axel"]
[WhiteFideId "12909572"]
[BlackFideId "3700488"]
[WhiteElo "3015"]
[BlackElo "2795"]
[Result "0-1"]
[Round "5"]
[TimeControl "180+2"]
[Date "2023.07.11"]
[WhiteClock "0:00:00"]
[BlackClock "0:00:21"]
[Board "7"]

1. d4 d5 2. c4 dxc4 3. Nf3 Nf6 4. e3 b5 5. a4 b4 6. Bxc4 e6 7. O-O Be7 8. Nbd2 O-O 9. a5 c5 10. Nb3 cxd4 11. Nbxd4 Bb7 12. a6 Bd5 13. Bb5 Qb6 14. Bd2 Nc6 15. Qa4 Nxd4 16. Nxd4 Rab8 17. Rfc1 Ne4 18. Be1 Bc5 19. Bf1 Bxd4 20. exd4 Qxd4 21. Rc7 Qxb2 22. Rxa7 Nc3 23. Qa5 Ne2+ 24. Bxe2 Qxe2 25. Rc7 b3 26. a7 Ra8 27. Qc3 b2 28. f3 bxa1=Q 29. Qxa1 Rfc8 30. Rd7 Rc2 0-1


[Site "https://www.chess.com"]

[Event "Titled Tuesday Blitz July 11 Early 2023"]
[White "He, Anthony"]
[Black "Maximov, Dmitry"]
[WhiteFideId "2088215"]
[BlackFideId "14105659"]
[WhiteElo "2998"]
[BlackElo "2784"]
[Result "1-0"]
[Round "5"]
[TimeControl "180+2"]
[Date "2023.07.11"]
[WhiteClock "0:00:09"]
[BlackClock "0:00:08"]
[Board "8"]

1. e4 c5 2. Nf3 d6 3. d4 cxd4 4. Nxd4 Nf6 5. Nc3 a6 6. h3 g6 7. g4 Bg7 8. g5 Nfd7 9. h4 Nc6 10. Be3 O-O 11. h5 Re8 12. hxg6 hxg6 13. Qd2 Nf8 14. O-O-O Bd7 15. f3 Rc8 16. Qh2 Nxd4 17. Bxd4 e5 18. Be3 Rxc3 19. bxc3 Qc7 20. Qd2 Be6 21. Kb2 Rc8 22. Bh3 Qc4 23. Bxe6 Nxe6 24. Qd3 Qc6 25. c4 b5 26. cxb5 axb5 27. c3 Qc7 28. Rh2 d5 29. Rc2 dxe4 30. Qxe4 Qe7 31. Rd5 Rb8 32. Rxe5 b4 33. Ra5 bxc3+ 34. Ka1 Qd7 35. Qd5 Qc7 36. Ra8 Rxa8 37. Qxa8+ Bf8 38. Qe4 Qg3 39. Bc1 Bg7 40. a4 Nxg5 41. Bxg5 Qxg5 42. Ka2 Qc5 43. Kb3 Qb6+ 44. Qb4 Qe6+ 45. Qc4 Qb6+ 46. Ka2 Qe3 47. Qc8+ Bf8 48. Qxc3 Qe6+ 49. Qb3 Qf5 50. Qc3 Bg7 51. Qc8+ Qxc8 52. Rxc8+ Kh7 53. a5 Bd4 54. a6 g5 55. Rc7 Kg6 56. a7 Bxa7 57. Rxa7 f5 58. Kb3 g4 59. fxg4 fxg4 60. Ra5 g3 61. Kc4 g2 62. Ra1 Kf5 63. Rg1 Kf4 64. Rxg2 1-0


[Site "https://www.chess.com"]

[Event "Titled Tuesday Blitz July 11 Early 2023"]
[White "Wagner, Dennis"]
[Black "Bok, Benjamin"]
[WhiteFideId "24650684"]
[BlackFideId "1017063"]
[WhiteElo "2727"]
[BlackElo "2962"]
[Result "0-1"]
[Round "5"]
[TimeControl "180+2"]
[Date "2023.07.11"]
[WhiteClock "0:00:02"]
[BlackClock "0:00:05"]
[Board "9"]

1. d4 Nf6 2. Nf3 e6 3. c4 b6 4. g3 Ba6 5. b3 Bb4+ 6. Bd2 Be7 7. Bg2 O-O 8. O-O d5 9. Ne5 c5 10. Bf4 cxd4 11. Qxd4 Nfd7 12. cxd5 Nxe5 13. Bxe5 Nd7 14. dxe6 Nxe5 15. Qxe5 Bf6 16. Qe3 Rc8 17. Na3 Qd6 18. exf7+ Rxf7 19. Rac1 Qxa3 20. Rxc8+ Bxc8 21. Bd5 Kf8 22. Rc1 Bh3 23. Bxf7 Kxf7 24. Rc7+ Kg6 25. Qe8+ Kh6 26. Qe4 Qxa2 27. Qf4+ Bg5 28. Rc6+ g6 29. Qf8+ Kh5 30. Qf3+ Bg4 31. Qf7 Qb1+ 32. Kg2 Qe4+ 33. f3 Qxe2+ 34. Kg1 Be3+ 35. Kh1 Qf1# 0-1


[Site "https://www.chess.com"]

[Event "Titled Tuesday Blitz July 11 Early 2023"]
[White "Suleymanli, Suleyman"]
[Black "Tang, Andrew"]
[WhiteFideId "13416375"]
[BlackFideId "2059630"]
[WhiteElo "2708"]
[BlackElo "2917"]
[Result "1/2-1/2"]
[Round "5"]
[TimeControl "180+2"]
[Date "2023.07.11"]
[WhiteClock "0:00:09"]
[BlackClock "0:00:12"]
[Board "10"]

1. Nf3 d5 2. g3 Bg4 3. Bg2 Nd7 4. d4 e6 5. O-O c6 6. c4 Bd6 7. Nc3 Ne7 8. b3 O-O 9. Bb2 f5 10. h3 Bh5 11. e3 Nf6 12. Qd3 Ne4 13. Ne5 Ng6 14. Nxg6 hxg6 15. Ne2 g5 16. Kh2 Qf6 17. f3 Nxg3 18. Nxg3 Qh6 19. f4 gxf4 20. exf4 Bxf4 21. Bc1 Bxc1 22. Raxc1 Bg4 23. Nh1 f4 24. Nf2 Bf5 25. Qf3 Rf6 26. Ng4 Bxg4 27. Qxg4 Raf8 28. Rce1 Rg6 29. Qe2 Rff6 30. Rf3 Rg5 31. Ref1 Rh5 32. Kh1 g5 33. Qe5 g4 34. Rxf4 Rxe5 35. Rxf6 Qe3 36. dxe5 gxh3 37. Bf3 Qxe5 38. Rg1+ Kh7 39. Rf7+ Kh6 40. Rf8 Qc3 41. Rg3 Qe1+ 42. Kh2 Qf2+ 43. Kxh3 Qd4 44. Rg4 Qc3 45. Kg2 a5 46. Rfg8 Qb2+ 47. Kh3 Kh7 48. R8g5 Kh6 49. Rg8 Kh7 50. Rf8 Qc3 51. Kg2 a4 52. bxa4 Qb2+ 53. Kh3 Qxa2 54. Rf7+ Kh6 55. Rf6+ Kh7 56. Rf7+ Kh6 57. Rf6+ Kh7 58. Rxe6 Qb3 59. Re7+ Kh6 60. Kg3 dxc4 61. Re6+ Kh7 62. Kg2 Qb2+ 63. Kh3 Qa3 64. Rf6 Qe7 65. Rf5 Kh6 66. Rff4 Qa3 67. Rf5 b5 68. axb5 cxb5 69. Kg3 Qd6+ 70. Kg2 c3 71. Rfg5 c2 72. Rg8 Qf6 73. Rg3 Kh7 74. R8g4 c1=Q 75. Be4+ Qg6 76. Bxg6+ Kg7 77. Be4+ Kf6 78. Rf3+ Ke5 79. Rf5+ Kd4 80. Rd5+ Kc4 81. Rd7 Qb2+ 82. Kh3 Qh8+ 83. Kg3 Qe5+ 84. Kf3 Kc3 85. Rd3+ Kb4 86. Rf4 Ka5 87. Rf5 Qb2 88. Rdd5 Kb6 89. Bd3 b4 90. Rf6+ Kc7 91. Rf7+ Kc6 92. Rff5 Qc3 93. Ke4 b3 94. Rfe5 b2 95. Rc5+ Qxc5 96. Rxc5+ Kxc5 97. Bb1 Kc4 98. Ke3 Kc3 99. Ke2 Kc4 100. Kd2 Kd4 101. Kc2 Kc4 102. Kxb2 1/2-1/2


[Site "https://www.chess.com"]

[Event "Titled Tuesday Blitz July 11 Early 2023"]
[White "Aravindh, Chithambaram VR."]
[Black "Nguyen, Ngoc Truong Son"]
[WhiteFideId "5072786"]
[BlackFideId "12401110"]
[WhiteElo "2926"]
[BlackElo "2865"]
[Result "1-0"]
[Round "5"]
[TimeControl "180+2"]
[Date "2023.07.11"]
[WhiteClock "0:00:07"]
[BlackClock "0:00:01"]
[Board "11"]

1. d4 Nf6 2. Nf3 d5 3. Bf4 c5 4. e3 Nc6 5. Nbd2 cxd4 6. exd4 Bf5 7. c3 e6 8. Bb5 Bd6 9. Ne5 O-O 10. Bxc6 bxc6 11. Nxc6 Qc7 12. Bxd6 Qxd6 13. Ne5 Rab8 14. Nb3 a5 15. Qe2 a4 16. Nc5 Ne4 17. Nxa4 f6 18. Nd3 Qa6 19. Qd1 Nxc3 20. bxc3 Qxd3 21. Qxd3 Bxd3 22. Nc5 Bb5 23. a4 Bc6 24. O-O Kf7 25. a5 Rb5 26. a6 Ra8 27. f4 Ke7 28. Rfe1 Bd7 29. f5 e5 30. Nxd7 Kxd7 31. dxe5 fxe5 32. Rxe5 Rc5 33. h3 Ra7 34. Kh2 Kd6 35. Re6+ Kd7 36. Ra3 Rc6 37. Rxc6 Kxc6 38. g4 Kd6 39. Kg3 Ke5 40. Ra5 Ke4 41. Kh4 Kf4 42. Ra4+ Ke5 43. Kg3 g5 44. Kf3 h5 45. Ke3 h4 46. Kd3 Kd6 47. Kd4 Re7 48. Kd3 Ra7 49. Ra1 Kc5 50. f6 Kb6 51. Kd4 1-0


[Site "https://www.chess.com"]

[Event "Titled Tuesday Blitz July 11 Early 2023"]
[White "Molina, Roberto Junio Brito"]
[Black "Keymer, Vincent"]
[WhiteFideId "2109450"]
[BlackFideId "12940690"]
[WhiteElo "2845"]
[BlackElo "2926"]
[Result "1-0"]
[Round "5"]
[TimeControl "180+2"]
[Date "2023.07.11"]
[WhiteClock "0:00:06"]
[BlackClock "0:00:01"]
[Board "12"]

1. d4 Nf6 2. c4 e6 3. Nf3 d5 4. Nc3 a6 5. cxd5 exd5 6. Bg5 Be6 7. e3 Nbd7 8. Bd3 h6 9. Bh4 Bd6 10. O-O O-O 11. Rc1 c6 12. Re1 Re8 13. Bg3 Bxg3 14. hxg3 Bg4 15. Qc2 a5 16. Nh2 Be6 17. Nf3 Qe7 18. b3 g6 19. Na4 Kg7 20. Nc5 Nxc5 21. Qxc5 Qxc5 22. Rxc5 Nd7 23. Rc2 Bg4 24. Nh2 h5 25. Nf1 Nb6 26. f3 Be6 27. Kf2 Nc8 28. Nd2 Nd6 29. Nb1 Bf5 30. Bxf5 Nxf5 31. Nc3 Re7 32. Rd2 Rae8 33. e4 dxe4 34. Rxe4 Rxe4 35. fxe4 Nh6 36. Kf3 Ng4 37. Na4 Nh2+ 38. Kf4 f6 39. Re2 Rd8 40. Ke3 Ng4+ 41. Kd3 Ne5+ 42. Kc3 Nd7 43. Nb2 b5 44. Nd3 Kf7 45. a4 Nf8 46. Nc5 Ne6 47. Nxe6 Kxe6 48. axb5 cxb5 49. Ra2 Rc8+ 50. Kd3 Ra8 51. Rc2 Kd6 52. d5 a4 53. bxa4 bxa4 54. Rc6+ Ke7 55. Rc7+ Kd6 56. Rc6+ Kd7 57. Rxf6 a3 58. Rf1 a2 59. Ra1 Kd6 60. Kd4 Ra4+ 61. Kc3 Ra3+ 62. Kb4 Ra6 63. Kb3 Rb6+ 64. Kxa2 Rb4 65. Re1 Ke5 66. Ka3 Rd4 67. Kb3 Rd3+ 68. Kc4 Rxg3 69. Rd1 Rxg2 70. d6 Rc2+ 71. Kb5 Rc8 72. d7 Rd8 73. Kc6 Ke6 74. Rd6+ Ke7 75. Rxg6 h4 76. Rh6 Kf7 77. Rxh4 1-0


[Site "https://www.chess.com"]

[Event "Titled Tuesday Blitz July 11 Early 2023"]
[White "Goryachkina, Aleksandra"]
[Black "Narayanan, Srinath"]
[WhiteFideId "4147103"]
[BlackFideId "5018420"]
[WhiteElo "2721"]
[BlackElo "2925"]
[Result "1/2-1/2"]
[Round "5"]
[TimeControl "180+2"]
[Date "2023.07.11"]
[WhiteClock "0:00:03"]
[BlackClock "0:00:17"]
[Board "13"]

1. e4 c5 2. Nf3 d6 3. Bb5+ Nd7 4. O-O Nf6 5. Re1 g6 6. c3 a6 7. Bf1 Bg7 8. d4 O-O 9. e5 Nd5 10. dxc5 Nc7 11. cxd6 exd6 12. exd6 Ne6 13. Nbd2 Ndc5 14. Nb3 Nxb3 15. axb3 Qb6 16. Be3 Qc6 17. b4 b5 18. Nd4 Nxd4 19. Bxd4 Qxd6 20. Bxg7 Qxd1 21. Rexd1 Kxg7 22. f3 Rb8 23. Rd6 Re8 24. Kf2 h5 25. Re1 Kf8 26. Red1 Ra8 27. h4 Ra7 28. Rd8 Rc7 29. Rxe8+ Kxe8 30. Rd6 Ke7 31. Rb6 Rd7 32. Ke3 Kd8 33. Bd3 Kc7 34. Rf6 Re7+ 35. Be4 Be6 36. Kf4 Kd6 37. g4 hxg4 38. fxg4 Kd7 39. Bf3 Ke8 40. h5 Kf8 41. h6 Kg8 42. g5 Rc7 43. Ke5 Re7 44. Kd6 Rd7+ 45. Kc5 Rd2 46. Bb7 Rxb2 47. Bxa6 Rc2 48. Kd4 Rd2+ 49. Ke3 Rd5 50. Kf4 Rd3 51. Bxb5 Rxc3 52. Be2 Rc2 53. Ke3 Rc3+ 54. Kf4 Rc2 55. Ke3 Rc3+ 56. Kf4 1/2-1/2


[Site "https://www.chess.com"]

[Event "Titled Tuesday Blitz July 11 Early 2023"]
[White "Shimanov, Aleksandr"]
[Black "Petrosian, Karlen"]
[WhiteFideId "4198603"]
[BlackFideId "4176146"]
[WhiteElo "2918"]
[BlackElo "2715"]
[Result "1-0"]
[Round "5"]
[TimeControl "180+2"]
[Date "2023.07.11"]
[WhiteClock "0:00:46"]
[BlackClock "0:00:14"]
[Board "14"]

1. d4 Nf6 2. Bg5 Ne4 3. Bh4 c5 4. f3 Nf6 5. d5 d6 6. e4 g6 7. c4 Bg7 8. Ne2 O-O 9. Nec3 Na6 10. Nd2 Nc7 11. Be2 Rb8 12. O-O Bd7 13. a4 b6 14. Qc2 a6 15. Rae1 b5 16. b3 bxa4 17. bxa4 Rb4 18. f4 Qb8 19. e5 Bf5 20. Qc1 dxe5 21. fxe5 Nd7 22. Bxe7 Nxe5 23. Bxf8 Qxf8 24. Kh1 Ne8 25. Nce4 Bh6 26. Qc3 Nd7 27. Ng3 Nd6 28. Nxf5 Nxf5 29. Bg4 Qg7 30. Qxg7+ Kxg7 31. Ne4 Rxc4 32. Bxf5 gxf5 33. Nd6 Rc2 34. Nxf5+ Kg6 35. Nxh6 Kxh6 36. Rxf7 Ne5 37. Re7 Nd3 38. R1e6+ Kg5 39. h3 Nf4 40. Re4 Nxd5 41. R7e5+ 1-0


[Site "https://www.chess.com"]

[Event "Titled Tuesday Blitz July 11 Early 2023"]
[White "Parpiev, Isaak"]
[Black "Zakhartsov, Vladimir"]
[WhiteFideId "34281576"]
[BlackFideId "4145097"]
[WhiteElo "2600"]
[BlackElo "2914"]
[Result "0-1"]
[Round "5"]
[TimeControl "180+2"]
[Date "2023.07.11"]
[WhiteClock "0:00:00"]
[BlackClock "0:00:29"]
[Board "15"]

1. d4 Nf6 2. c4 e6 3. Nc3 d5 4. cxd5 exd5 5. Bg5 c6 6. e3 h6 7. Bh4 Bd6 8. Bd3 Nbd7 9. Qc2 Nf8 10. Nf3 Bg4 11. Ne5 Be6 12. f4 g5 13. fxg5 N6d7 14. Nf3 Be7 15. O-O-O hxg5 16. Bg3 Qa5 17. Kb1 O-O-O 18. e4 dxe4 19. Bxe4 f5 20. d5 fxe4 21. dxe6 exf3 22. Nd5 Qc5 23. Nxe7+ Qxe7 24. exd7+ Nxd7 25. gxf3 Qh7 26. Qxh7 Rxh7 27. f4 g4 28. f5 Rf8 29. Rhf1 Nf6 30. Rd4 Rh5 31. b4 a6 32. a4 Nd5 33. b5 axb5 34. axb5 Nc3+ 35. Kb2 Nxb5 36. Rxg4 Rhxf5 0-1


[Site "https://www.chess.com"]

[Event "Titled Tuesday Blitz July 11 Early 2023"]
[White "Timerkhanov, Alexander"]
[Black "Nihal Sarin"]
[WhiteFideId "24177938"]
[BlackFideId "25092340"]
[WhiteElo "2709"]
[BlackElo "3031"]
[Result "0-1"]
[Round "5"]
[TimeControl "180+2"]
[Date "2023.07.11"]
[WhiteClock "0:00:16"]
[BlackClock "0:01:11"]
[Board "16"]

1. d4 d5 2. Bf4 c5 3. e3 Nc6 4. c3 cxd4 5. exd4 Bf5 6. Bd3 Bg6 7. Nf3 e6 8. Ne5 Bd6 9. Nxg6 hxg6 10. Bxd6 Qxd6 11. h3 Nf6 12. Nd2 g5 13. Qe2 Rc8 14. a4 g4 15. Qe3 Ke7 16. Nf1 Na5 17. Ng3 g6 18. Ne2 Rh4 19. Nf4 gxh3 20. g3 Rhh8 21. Rxh3 g5 22. Rxh8 gxf4 23. Rxc8 fxe3 24. f4 Nc4 25. Bxc4 dxc4 26. Ke2 Qb6 27. Rb1 Nd5 0-1


[Site "https://www.chess.com"]

[Event "Titled Tuesday Blitz July 11 Early 2023"]
[White "Movahed, Sina"]
[Black "Materia, Marco"]
[WhiteFideId "42520835"]
[BlackFideId "45150451"]
[WhiteElo "3011"]
[BlackElo "2683"]
[Result "1-0"]
[Round "5"]
[TimeControl "180+2"]
[Date "2023.07.11"]
[WhiteClock "0:01:15"]
[BlackClock "0:00:12"]
[Board "17"]

1. e4 c5 2. Nf3 e6 3. d4 cxd4 4. Nxd4 Nc6 5. Nc3 Qc7 6. Be3 a6 7. g4 b5 8. Nxc6 Qxc6 9. Qd2 b4 10. Ne2 Qxe4 11. Rg1 Qc4 12. Nf4 Qc7 13. O-O-O Nf6 14. Nh5 Bb7 15. Bd4 Nxh5 16. gxh5 Rg8 17. f4 g6 18. hxg6 hxg6 19. f5 O-O-O 20. Bf6 Re8 21. Rg4 d5 22. Bd3 Bd6 23. fxg6 fxg6 24. Kb1 Ref8 25. Bh4 e5 26. Bg3 Rd8 27. Bxg6 Kb8 28. h4 Bc8 29. Rg5 e4 30. Bxd6 Rxd6 31. Bxe4 Rxg5 32. hxg5 Bg4 33. Qxb4+ Rb6 34. Qf8+ Bc8 35. Bf5 Qe5 36. Qxc8+ Ka7 37. b3 1-0


[Site "https://www.chess.com"]

[Event "Titled Tuesday Blitz July 11 Early 2023"]
[White "Kantans, Toms"]
[Black "Deac, Bogdan-Daniel"]
[WhiteFideId "11602945"]
[BlackFideId "1226380"]
[WhiteElo "2667"]
[BlackElo "2984"]
[Result "0-1"]
[Round "5"]
[TimeControl "180+2"]
[Date "2023.07.11"]
[WhiteClock "0:00:00"]
[BlackClock "0:00:04"]
[Board "18"]

1. e4 c6 2. d4 d5 3. Nc3 a6 4. Bd3 b5 5. Nf3 Bg4 6. h3 Bxf3 7. Qxf3 e6 8. O-O Nf6 9. e5 Nfd7 10. Ne2 c5 11. c3 Nc6 12. Be3 Ndxe5 13. dxe5 Nxe5 14. Qg3 Nxd3 15. Bg5 f6 16. Qxd3 fxg5 17. a4 bxa4 18. Rxa4 Qb6 19. Rfa1 c4 20. Qd4 Qd6 21. Qg4 Kf7 22. Nd4 h5 23. Qf3+ Kg8 24. Re1 Rh6 25. Qe2 Rb8 26. b4 cxb3 27. Rxa6 Qd7 28. Nxe6 b2 29. Rb1 Re8 0-1


[Site "https://www.chess.com"]

[Event "Titled Tuesday Blitz July 11 Early 2023"]
[White "Dronavalli, Harika"]
[Black "Terry, Renato"]
[WhiteFideId "5015197"]
[BlackFideId "3803457"]
[WhiteElo "2663"]
[BlackElo "2978"]
[Result "1/2-1/2"]
[Round "5"]
[TimeControl "180+2"]
[Date "2023.07.11"]
[WhiteClock "0:01:11"]
[BlackClock "0:00:28"]
[Board "19"]

1. e4 e6 2. d4 d5 3. Nd2 Be7 4. Ngf3 Nf6 5. Bd3 c5 6. c3 Nc6 7. dxc5 dxe4 8. Nxe4 Nxe4 9. Bxe4 Qxd1+ 10. Kxd1 Bxc5 11. Ke2 Bd7 12. Be3 Bd6 13. Rad1 Ke7 14. Rd2 Na5 15. b3 Bc6 16. Bxc6 Nxc6 17. Rhd1 Rhd8 18. Nd4 Nxd4+ 19. Rxd4 b6 20. c4 f6 21. h4 h5 22. Kf3 Rac8 23. g4 e5 24. Rd5 hxg4+ 25. Kxg4 Ke6 26. f4 f5+ 27. Kg5 exf4 28. Bxf4 Bxf4+ 29. Kxf4 Rxd5 30. Rxd5 g6 31. h5 gxh5 32. Re5+ Kd6 33. Rxf5 Rh8 34. Kg3 h4+ 35. Kh3 a5 36. a3 Kc6 37. b4 a4 38. Rf6+ Kc7 39. Rf7+ Kc6 40. Rf6+ Kb7 41. Rf7+ Kc8 42. Ra7 Kb8 43. Rxa4 Kb7 44. c5 bxc5 45. bxc5 Kc6 46. Rc4 Rh5 47. a4 Rxc5 48. Rxc5+ Kxc5 49. Kxh4 Kb4 50. Kg5 Ka5 51. Kf6 Kxa4 1/2-1/2


[Site "https://www.chess.com"]

[Event "Titled Tuesday Blitz July 11 Early 2023"]
[White "Perez Candelario, Manuel"]
[Black "Oparin, Grigoriy"]
[WhiteFideId "2210622"]
[BlackFideId "24125890"]
[WhiteElo "2660"]
[BlackElo "2951"]
[Result "0-1"]
[Round "5"]
[TimeControl "180+2"]
[Date "2023.07.11"]
[WhiteClock "0:00:00"]
[BlackClock "0:00:36"]
[Board "20"]

1. e4 c6 2. d4 d5 3. exd5 cxd5 4. Bd3 Nf6 5. c3 Nc6 6. Bf4 Bg4 7. Qb3 Qd7 8. Nd2 e6 9. Ngf3 Bd6 10. Ne5 Qc7 11. O-O O-O 12. Rae1 Bh5 13. Bg3 a6 14. a4 Rab8 15. f4 Bg6 16. f5 exf5 17. Bxf5 Rbe8 18. Bxg6 hxg6 19. Ndf3 Na5 20. Qa2 Nh5 21. Bh4 Nc4 22. Nxc4 dxc4 23. Qb1 Nf4 24. Qc2 Nd3 25. Re2 Qd7 26. Rxe8 Rxe8 27. b3 b5 28. axb5 axb5 29. bxc4 bxc4 30. h3 Bf4 31. Bg5 Qf5 32. Bxf4 Qxf4 33. Ne5 Qe3+ 34. Kh1 Nxe5 35. dxe5 Rxe5 36. Rf3 Qc5 37. Kh2 Qd6 38. g3 Rd5 39. Rf2 Rd3 40. Rg2 Qe5 41. Qa4 Rxc3 42. Qa8+ Kh7 43. Qb7 f6 44. Qc8 Qe4 45. Qc7 Rc2 46. Rxc2 Qxc2+ 47. Kg1 Qd1+ 48. Kf2 Qd2+ 49. Kf3 c3 50. Qc4 c2 51. Qh4+ Qh6 0-1


[Site "https://www.chess.com"]

[Event "Titled Tuesday Blitz July 11 Early 2023"]
[White "Komov, Roman"]
[Black "Svane, Rasmus"]
[WhiteFideId "24175714"]
[BlackFideId "4657101"]
[WhiteElo "2659"]
[BlackElo "2951"]
[Result "0-1"]
[Round "5"]
[TimeControl "180+2"]
[Date "2023.07.11"]
[WhiteClock "0:00:00"]
[BlackClock "0:00:19"]
[Board "21"]

1. e4 c6 2. d4 d5 3. Nd2 dxe4 4. Nxe4 Nf6 5. Nxf6+ exf6 6. c3 Bd6 7. Bd3 O-O 8. Qc2 Re8+ 9. Ne2 h5 10. O-O h4 11. Nf4 h3 12. g3 Bxf4 13. Bxf4 Be6 14. Rae1 Nd7 15. Bh7+ Kh8 16. Bf5 Nf8 17. Bxe6 Nxe6 18. Qf5 Qd5 19. Qxh3+ Kg8 20. b3 Qa5 21. Re3 Qxa2 22. b4 Qd5 23. Ree1 Nxf4 24. gxf4 g6 25. Qd3 Kg7 26. Re3 Rh8 27. c4 Qd6 28. Rf3 Rh4 29. Qd2 Rah8 30. h3 Rxh3 31. Rxh3 Rxh3 32. Kg2 Qd7 33. f3 Rh5 34. Rh1 Rxh1 35. Kxh1 Qh3+ 36. Kg1 Qg3+ 37. Kf1 Qxf3+ 38. Ke1 Qe4+ 39. Kf2 Qe6 40. d5 cxd5 41. cxd5 Qd6 42. Qd4 a6 43. Kf3 b6 44. Qc4 g5 45. fxg5 fxg5 46. Qc6 Qf4+ 47. Ke2 Qe4+ 48. Kd1 g4 49. Qc3+ Kg6 50. Qd2 g3 51. d6 g2 52. Qf2 Qg4+ 53. Kd2 g1=Q 0-1


[Site "https://www.chess.com"]

[Event "Titled Tuesday Blitz July 11 Early 2023"]
[White "Katz, Alexander"]
[Black "Makarian, Rudik"]
[WhiteFideId "2039796"]
[BlackFideId "44105681"]
[WhiteElo "2645"]
[BlackElo "2940"]
[Result "0-1"]
[Round "5"]
[TimeControl "180+2"]
[Date "2023.07.11"]
[WhiteClock "0:00:02"]
[BlackClock "0:00:15"]
[Board "22"]

1. e4 c5 2. Nf3 Nc6 3. Bb5 e6 4. Bxc6 bxc6 5. O-O Ne7 6. d3 Ng6 7. Re1 Be7 8. b3 e5 9. Bb2 d6 10. c3 O-O 11. d4 f5 12. exf5 Bxf5 13. dxe5 Bg4 14. exd6 Bxd6 15. Nbd2 Nh4 16. Re4 Bxf3 17. Nxf3 Nxf3+ 18. gxf3 Qf6 19. Qe2 Qh6 20. h4 Bf4 21. Kg2 Qxh4 22. Rh1 Qg5+ 23. Kf1 Rad8 24. Rg1 Qf5 25. c4 g6 26. Re7 Rf7 27. Re8+ Rxe8 28. Qxe8+ Rf8 29. Qe2 Kf7 30. Rg4 Re8 31. Qd1 g5 32. Kg2 h5 33. Rxf4 gxf4 34. Qd6 Qg6+ 35. Qxg6+ Kxg6 36. Bc1 Kf5 37. Ba3 Re2 38. Bxc5 Rxa2 39. b4 a6 0-1


[Site "https://www.chess.com"]